 Dungeon Crawl Stone Soup version 0.24-a0-280-g7cec4da (webtiles) character file.

Game seed: 12729138893284651452

1668 EazyBreezy the Slicer (level 8, -13/66 HPs)
             Began as a Vampire Gladiator on May 12, 2019.
             Mangled by a five-headed hydra (14 damage)
             ... on level 6 of the Dungeon.
             The game lasted 00:15:07 (7309 turns).

EazyBreezy the Slicer (Vampire Gladiator)           Turns: 7309, Time: 00:15:08

Health: -13/66     AC:  0    Str: 13    XL:     8   Next: 69%
Magic:  6/8        EV: 25    Int: 10    God:
Gold:   214        SH:  0    Dex: 23    Spells: 7/7 levels left

rFire    . . .     SeeInvis +   (weapon currently unavailable)
rCold    + . .     Gourm    .   (shield currently unavailable)
rNeg     + + .     Faith    .   (armour currently unavailable)
rPois    +         Spirit   .   (helmet currently unavailable)
rElec    .         Reflect  .   (cloak currently unavailable)
rCorr    .         Harm     .   (gloves currently unavailable)
MR       .....     Clarity  +   (boots currently unavailable)
Stlth    ++++++....             (no amulet)
HPRegen  0.10/turn              (ring currently unavailable)
MPRegen  0.11/turn              (ring currently unavailable)

@: bat-form, flying, regenerating slowly, very quick
A: tiny, fangs 3, see invisible, clarity, robust 1
a: End Transformation


You were on level 6 of the Dungeon.
You were near bloodless.
You were in vampire-bat-form.
You visited 1 branch of the dungeon, and saw 6 of its levels.

You collected 214 gold pieces.

Inventory:

Hand Weapons
 a - a +1 rapier (melded)
Missiles
 d - 3 throwing nets (quivered)
Armour
 c - a +0 helmet (melded)
 i - a scarf of repulsion (melded)
 k - a +1 leather armour of fire resistance
 o - a +0 pair of gloves (melded)
 s - the +4 ring mail "Lujuary" (melded) {Int+4}
   (You found it on level 6 of the Dungeon)

   It affects your intelligence (+4).
 w - a +0 pair of boots (melded)
Wands
 l - a wand of paralysis (7)
 n - a wand of iceblast (10)
 t - a wand of scattershot (6)
 u - a wand of random effects (21)
Scrolls
 e - 4 scrolls of blinking {unknown}
 p - 3 scrolls of remove curse
 q - 2 scrolls of identify
 r - a scroll of enchant armour {unknown}
 x - a scroll of magic mapping {unknown}
Potions
 b - a potion of curing {unknown}
 f - 14 potions of blood
 g - a potion of brilliance {unknown}
 h - 2 potions of berserk rage {unknown}
 j - 2 potions of magic {unknown}
 m - 3 potions of flight
 v - a potion of ambrosia {unknown}


   Skills:
 * Level 4.0 Fighting
 * Level 8.3 Short Blades
 - Level 1.5 Throwing
 * Level 3.4 Armour
 * Level 5.1 Dodging
 * Level 7.8 Stealth


You had 7 spell levels left.
You didn't know any spells.
Your spell library contained the following spells:

 Spells                   Type           Power        Failure   Level  Hunger
 Apportation              Tloc           #.....       36%         1    ##.....
 Summon Butterflies       Summ           #.......     36%         1    ##.....
 Lesser Beckoning         Tloc           #.........   75%         3    ####...
 Tukima's Dance           Hex            #.......     75%         3    ####...
 Alistair's Intoxication  Tmut/Pois      #.......     100%        5    ######.
 Invisibility             Hex            #.......     100%        6    #######


Dungeon Overview and Level Annotations

Branches:
Dungeon (6/15)
 Temple: D:4-7

Altars:
Hepliaklqana
Yredelemnul

Annotations:
D:6 4 runed translucent doors


Innate Abilities, Weirdness & Mutations

You heal slowly.
You have razor-sharp teeth.
You have supernaturally acute eyesight. (SInv)
((You can survive without breathing.))
You possess an exceptional clarity of mind.
You are robust. (+10% HP)


Message History

The five-headed hydra completely misses you.
The five-headed hydra bites you! The five-headed hydra bites you. x2
The five-headed hydra bites you but does no damage.
There is an open door here.
You turn into a vampire bat.
Your +1 rapier melds into your body.
Your scarf of repulsion melds into your body.
Your +0 helmet melds into your body.
Your +0 pair of gloves melds into your body.
Your +0 pair of boots melds into your body.
The +4 ring mail "Lujuary" {Int+4} melds into your body.
The haze of the repulsion field disappears.
The five-headed hydra bites you!
* * * LOW HITPOINT WARNING * * *
The five-headed hydra bites you!
* * * LOW HITPOINT WARNING * * *
The five-headed hydra bites you.
* * * LOW HITPOINT WARNING * * *
The five-headed hydra completely misses you.
The five-headed hydra bites you!
You die...

#.......#...#.#
#######..)..#.#
#.#.###.#
############.#.....#
##..........#.####.##
#..######.[.#.# #.#
#.##z.Z.##....# #.##
#.#.####.#..#.####..#
#.#...#.##b.....))#.#
#.#Z#.##ZD.##++##...#
#.#.##.#####8..8##).#
##.##$ .)# #8....8#..#
#...### ## #$....=#.##
#...###### #)..Z.)#.#
#..##..)[# #8....8#.#
#(.#..#######8..8##.#
#..#รท##)#.'.##++##..#


You could see a five-headed hydra and a worker ant zombie.

Vanquished Creatures
  Grinder (D:4)
  A human (D:4)
  2 orc warriors (D:6)
  2 centaurs
  A gnoll sergeant (D:6)
  A scorpion (D:5)
  2 jellies (D:6)
  A centaur zombie (D:6)
  3 hounds
  An orc priest (D:5)
  2 orc wizards
  A bullfrog skeleton (D:5)
  4 iguanas
  Ijyb (D:5)
  A human zombie (D:4)
  6 worker ants
  A killer bee zombie (D:5)
  A hound zombie (D:6)
  A hound skeleton (D:4)
  8 adders
  3 gnolls (D:6)
  2 shadow imps
  An adder zombie (D:6)
  An adder skeleton (D:5)
  4 worms
  3 dart slugs
  2 leopard geckos (D:5)
  17 orcs
  3 ball pythons
  10 giant cockroaches
  3 goblins
  6 hobgoblins
  6 jackals
  4 quokkas
  7 bats
  6 frilled lizards
  4 kobolds
  A quokka skeleton (D:5)
  2 rats
126 creatures vanquished.

Notes
Turn   | Place    | Note
-------+----------+-------------------------------------------
     0 | D:1      | EazyBreezy the Vampire Gladiator began the quest for the
                  | Orb.
     0 | D:1      | Reached XP level 1. HP: 16/16 MP: 1/1
   128 | D:1      | Reached XP level 2. HP: 13/22 MP: 2/2
   470 | D:1      | Reached skill level 1 in Stealth
   856 | D:2      | Reached skill level 4 in Short Blades
   856 | D:2      | Reached XP level 3. HP: 17/27 MP: 3/3
  1792 | D:3      | Reached skill level 1 in Armour
  1828 | D:3      | Reached XP level 4. HP: 30/33 MP: 4/4
  2784 | D:3      | Gained mutation: You possess an exceptional clarity of
                  | mind. [potion of mutation]
  2784 | D:3      | Gained mutation: You are robust. (+10% HP) [potion of
                  | mutation]
  2823 | D:4      | Found a runed translucent door.
  2823 | D:4      | Noticed a human
  2834 | D:4      | Reached XP level 5. HP: 12/42 MP: 5/5
  3427 | D:4      | Noticed Grinder
  3466 | D:4      | Found a basalt altar of Yredelemnul.
  3484 | D:4      | Killed a human
  3484 | D:4      | Reached skill level 5 in Short Blades
  3484 | D:4      | Reached XP level 6. HP: 38/50 MP: 6/6
  4138 | D:4      | Paralysed by Grinder for 7 turns
  4151 | D:4      | Paralysed by Grinder for 4 turns
  4161 | D:4      | Killed Grinder
  4610 | D:4      | Reached skill level 6 in Short Blades
  4610 | D:4      | Reached XP level 7. HP: 56/56 MP: 7/7
  5155 | D:5      | Entered Level 5 of the Dungeon
  5202 | D:5      | Reached skill level 5 in Stealth
  5223 | D:5      | Noticed Ijyb
  5634 | D:5      | Killed Ijyb
  6347 | D:5      | Reached skill level 7 in Short Blades
  6446 | D:5      | Reached XP level 8. HP: 38/63 MP: 8/8
  6494 | D:5      | You fall through a shaft!
  6500 | D:6      | Found a large runed translucent door.
  6500 | D:6      | Found a large runed translucent door.
  6664 | D:6      | Got a jewelled ring mail
  6713 | D:6      | Identified the +4 ring mail "Lujuary" {Int+4} (You found it
                  | on level 6 of the Dungeon)
  7125 | D:6      | Found a large runed translucent door.
  7125 | D:6      | Found a large runed translucent door.
  7171 | D:6      | Found a hazy altar of Hepliaklqana.
  7184 | D:6      | Reached skill level 8 in Short Blades
  7184 | D:6      | Reached skill level 5 in Dodging
  7293 | D:6      | Noticed a five-headed hydra
  7309 | D:6      | HP: 1/66 [five-headed hydra (6)]
  7309 | D:6      | Mangled by a five-headed hydra

Levels and vault maps discovered:
D:1:      nzn_arrival_water_spiral, layout_loops_corners
D:2:      layout_loops_corners
D:3:      layout_basic
D:4:      layout_basic, dk_yredelemnul_ordeal, uniq_grinder
D:5:      layout_basic, first_ration, uniq_ijyb
D:6:      layout_basic, kennysheep_mini, minmay_hollow_rounded_squares

Skill      XL: |  1  2  3  4  5  6  7  8 |
---------------+-------------------------+-----
Stealth        | 1 2 3 4 5 7 |  7.8
Fighting       | 2 3 4 |  4.0
Short Blades   | 4 5 6 7 8 |  8.3
Armour         | 1 2 3 |  3.4
Dodging        | 4 5 |  5.1
Throwing       | |  1.5

Action                   |  1- 3 |  4- 6 |  7- 9 || total
-------------------------+-------+-------+-------++-------
Melee: Rapier            |   130 |    96 |   214 ||   440
       Bite              |    12 |     8 |    28 ||    48
 Abil: Bat Form          |       |       |     1 ||     1
Evoke: Wand              |       |       |     1 ||     1
  Use: Scroll            |       |    11 |       ||    11
       Potion            |       |     5 |     4 ||     9
 Stab: Sleeping          |     4 |     9 |    21 ||    34
Armor: Leather armour    |    34 |    26 |    26 ||    86
       Ring mail         |       |       |    18 ||    18
Dodge: Dodged            |   100 |    37 |   124 ||   261
       Deflected         |     1 |     1 |     8 ||    10

Table legend:
 A = Non-vault XP
 B = Vault XP
 C = Vault XP percentage of total XP
 D = Non-vault monster count
 E = Vault monster count
 F = Vault count percentage of total count
                 A         B        C        D         E       F
            +---------+---------+-------+---------+---------+-------
      Total |    1452 |     932 |  39.1 |     116 |      10 |   7.9
            +---------+---------+-------+---------+---------+-------
        D:1 |      37 |       0 |   0.0 |      19 |       0 |   0.0
        D:2 |      43 |       0 |   0.0 |      13 |       0 |   0.0
        D:3 |      61 |       0 |   0.0 |      24 |       0 |   0.0
        D:4 |     284 |     502 |  63.9 |      15 |       3 |  16.7
        D:5 |     525 |      36 |   6.4 |      26 |       1 |   3.7
        D:6 |     502 |     394 |  44.0 |      19 |       6 |  24.0
            +---------+---------+-------+---------+---------+-------
